 Dungeon Crawl Stone Soup version 0.25.1-2-g60ff931df9 (webtiles) character file.

Game seed: 15456006889618082464

92 protoss039 the Chopper (level 4, 0/37 HPs)
             Began as a Ghoul Gladiator on Aug 2, 2020.
             Slain by a bullfrog (6 damage)
             ... on level 2 of the Dungeon.
             The game lasted 00:03:31 (1672 turns).

protoss039 the Chopper (Ghoul Gladiator)            Turns: 1672, Time: 00:03:32

Health: 0/37       AC:  6    Str: 18    XL:     4   Next: 60%
Magic:  3/3        EV: 11    Int:  3    God:
Gold:   90         SH:  3    Dex: 10    Spells: 3/3 levels left

rFire    . . .     SeeInvis .   a - +0 war axe
rCold    + . .     Gourm    .   k - +0 buckler
rNeg     + + +     Faith    .   l - +0 ring mail
rPois    ∞         Spirit   .   c - +0 helmet
rElec    .         Reflect  .   (no cloak)
rCorr    .         Harm     .   (no gloves)
MR       .....                  (no boots)
Stlth    ..........             (no amulet)
HPRegen  0.00/turn              (no ring)
MPRegen  0.08/turn              (no ring)

@: rotting
A: rotting body, claws 1, carnivore, cold resistance 1, negative energy
resistance 3, inhibited regeneration, torment resistance, unbreathing
a: no special abilities


You were on level 2 of the Dungeon.
You were not hungry.

You visited 1 branch of the dungeon, and saw 2 of its levels.

You collected 90 gold pieces.

Inventory:

Hand Weapons
 a - a +0 war axe (weapon)
Missiles
 d - 3 throwing nets (quivered)
Armour
 c - a +0 helmet (worn)
 k - a +0 buckler (worn)
 l - a +0 ring mail (worn)
Scrolls
 e - 2 scrolls of enchant weapon {unknown}
 g - a scroll of remove curse {unknown}
 i - a scroll of identify {unknown}
 m - a scroll of fog {unknown}
 o - a scroll of noise {unknown}
 q - a scroll of teleportation {unknown}
 r - 2 scrolls of immolation {unknown}
Potions
 h - a potion of heal wounds {unknown}
 j - a potion of resistance {unknown}
 n - a potion of haste {unknown}
 p - 2 potions of lignification {unknown}
Comestibles
 b - 11 chunks of flesh
 f - 2 rations


   Skills:
 + Level 2.8 Fighting
 + Level 3.8 Axes
 + Level 1.9 Throwing
 + Level 0.5 Armour
 - Level 3.0 Dodging
 * Level 1.1 Shields


You had 3 spell levels left.
You didn't know any spells.
Your spell library was empty.

Dungeon Overview and Level Annotations

Branches:
Dungeon (2/15)

Altars:
Zin


Innate Abilities, Weirdness & Mutations

Your body is rotting away.
You thrive on raw meat.
You are immune to poison.
You have sharp fingernails.
You are carnivorous and can eat meat at any time.
Your flesh is cold resistant. (rC+)
You are immune to negative energy. (rN+++)
You do not regenerate when monsters are visible.
You are immune to unholy pain and torment.
You can survive without breathing.


Message History

You block the bullfrog's attack. The bullfrog completely misses you.
Some of the chunks of flesh in your inventory have rotted away.
Unknown command.
You closely miss the bullfrog.
The bullfrog is severely wounded.
You hit the worm.
A jackal comes into view.
The bullfrog hits you!
* * * LOW HITPOINT WARNING * * *
The bullfrog hits you.
* * * LOW HITPOINT WARNING * * *
The worm barely misses you.
Unknown command.
The jackal barks!
You hear a bark! x2
A jackal comes into view.
The jackal barely misses you. The jackal closely misses you.
The jackal moves out of view.
A jackal comes into view.
The bullfrog hits you.
You die...

###... #
....#.. #h
#### ####.#.
#. #.. ##.#
#.. #.# ##)
#..##w##.# #.
#...h....# #.
#.##F########
#. #@# ##.##
#. #.##
##.#.## #.
#..###.###[##
#.
#._......##.#
#.
######.#.#.##
#. ##...## #.
##### ##.##
#. ...# #.#
##.
##.#####.#
#..


You could see a bullfrog, a worm and 2 jackals.

Vanquished Creatures
  2 adders (D:2)
  An ooze (D:2)
  3 dart slugs
  2 leopard geckos (D:1)
  3 bats
  5 giant cockroaches
  6 goblins
  7 hobgoblins
  8 jackals
  6 kobolds (D:1)
  5 frilled lizards
  10 rats
58 creatures vanquished.

Notes
Turn   | Place    | Note
-------+----------+-------------------------------------------
     0 | D:1      | protoss039 the Ghoul Gladiator began the quest for the Orb.
     0 | D:1      | Reached XP level 1. HP: 17/17 MP: 0/0
   160 | D:1      | Reached XP level 2. HP: 24/24 MP: 1/1
   375 | D:1      | Reached XP level 3. HP: 20/30 MP: 2/2
  1043 | D:2      | Reached XP level 4. HP: 30/37 MP: 3/3
  1123 | D:2      | Reached skill level 1 in Shields
  1652 | D:2      | Found a glowing silver altar of Zin.
  1662 | D:2      | Noticed a bullfrog
  1672 | D:2      | Slain by a bullfrog

Illustrated notes

Levels and vault maps discovered:
D:1:      tarquinn_simple_flora_water_b, layout_basic, minmay_3d_cube
D:2:      layout_loops_ring, overflow_temple_1_default, first_ration

Skill      XL: |  1  2  3  4 |
---------------+-------------+-----
Axes           | 3 |  3.8
Dodging        | 3 |  3.0
Shields        | 1 |  1.1
Fighting       | |  2.8
Throwing       | |  1.9
Armour         | |  0.5

Action                   |  1- 3 |  4- 6 || total
-------------------------+-------+-------++-------
Melee: War axe           |   121 |    75 ||   196
  Eat: Chunk             |     9 |       ||     9
Armor: Leather armour    |    23 |       ||    23
       Ring mail         |    36 |    27 ||    63
Dodge: Dodged            |    82 |    52 ||   134
Block: Buckler           |    10 |     9 ||    19
